SL
ST. LOUIS COEUR @ COLORADO BILLY GOATS
05/19/2041
 
TOP OF THE 1ST
St. Louis Coeur batting - Pitching for Colorado Billy Goats : RHP Sergio Gómez
Pitching: RHP Sergio Gómez
Batting: RHB Guillermo Coss 0-0: Called Strike
0-1: Foul Ball, location: 2F
0-2: Foul Ball, location: 2F
0-2: Fly out, F9 (Flyball, 89S, EV 85.6 MPH)
Batting: RHB Jaime Soto 0-0: Ground out 1-3 (Groundball, 15S, EV 66.2 MPH)
Batting: LHB Qing-nian Zexian 0-0: Ball
1-0: Foul Ball, location: 2F
1-1: Ball
2-1: Ground out 5-3 (Groundball, 56, EV 100.6 MPH)
Top of the 1st over - 0 runs, 0 hits, 0 errors, 0 left on base; St. Louis 0 - Colorado 0
BOTTOM OF THE 1ST
Colorado Billy Goats batting - Pitching for St. Louis Coeur : RHP Alfonso Caballero
Pitching: RHP Alfonso Caballero
Batting: LHB David de Meij 0-0: Ground out 6-3 (Groundball, 6, EV 75.6 MPH)
Batting: LHB Tim Gonzáles 0-0: Ball
1-0: Swinging Strike
1-1: Foul Ball, location: 2F
1-2: Ball
2-2: Foul Ball, location: 2F
2-2: Fly out, F8 (Flyball, 8RM, EV 85.6 MPH)
Batting: LHB Ricardo Yates 0-0: Ball
1-0: Ball
2-0: Fly out, F9 (Flyball, 9LSF, EV 90.0 MPH)
Bottom of the 1st over - 0 runs, 0 hits, 0 errors, 0 left on base; St. Louis 0 - Colorado 0
TOP OF THE 2ND
St. Louis Coeur batting - Pitching for Colorado Billy Goats : RHP Sergio Gómez
Batting: RHB Nobuhisa Murakami 0-0: Ball
1-0: Ground out U3 (Groundball, 34, EV 81.2 MPH)
Batting: RHB Joe Mueller 0-0: Called Strike
0-1: Swinging Strike
0-2: SOLO HOME RUN (Line Drive, 78XD, EV 106.9 MPH), Distance : 423 ft
Batting: LHB Harry Cornelis 0-0: DOUBLE (Flyball, 8RXD, EV 94.4 MPH)
Batting: RHB Joel Iyiegbuniwe 0-0: Ball
1-0: Ball
2-0: Called Strike
2-1: Ball
3-1: Ground out U3 (Groundball, 34, EV 106.2 MPH)
Harry Cornelis to third
Batting: RHB Ik-jun Cho 0-0: Fly out, F7 (Flyball, 7, EV 73.1 MPH)
Top of the 2nd over - 1 run, 2 hits, 0 errors, 1 left on base; St. Louis 1 - Colorado 0
BOTTOM OF THE 2ND
Colorado Billy Goats batting - Pitching for St. Louis Coeur : RHP Alfonso Caballero
Batting: LHB Bill Stanton 0-0: Ball
1-0: Ball
2-0: Ball
3-0: Base on Balls
Batting: LHB Ken Norris 0-0: Ball
1-0: Fly out, F8 (Flyball, 8RD, EV 94.4 MPH)
Batting: SHB Raoul de Gilde 0-0: Ball
1-0: SINGLE (Groundball, 4MD, EV 98.1 MPH)
Bill Stanton to second
Runner from 2nd tries for 3rd, SAFE, no throw by CF
Batting: LHB António Casas 0-0: Called Strike
0-1: Ball
1-1: Foul Ball, location: 2F
1-2: Ball
2-2: Ball
3-2: Strikes out looking
Batting: RHB Phil Moore 0-0: Ball
1-0: Foul Ball, location: 2F
1-1: Foul Ball, location: 2F
1-2: Ball
2-2: Strikes out swinging
Bottom of the 2nd over - 0 runs, 1 hit, 0 errors, 2 left on base; St. Louis 1 - Colorado 0
TOP OF THE 3RD
St. Louis Coeur batting - Pitching for Colorado Billy Goats : RHP Sergio Gómez
Batting: RHB Tabor de Maria 0-0: Called Strike
0-1: Ground out 5-3 (Groundball, 56, EV 103.8 MPH)
Batting: RHB Guillermo Coss 0-0: Fly out, F5 (Line Drive, 5, EV 71.9 MPH)
Batting: RHB Jaime Soto 0-0: Ball
1-0: Fly out, F7 (Flyball, 7, EV 77.5 MPH)
Top of the 3rd over - 0 runs, 0 hits, 0 errors, 0 left on base; St. Louis 1 - Colorado 0
BOTTOM OF THE 3RD
Colorado Billy Goats batting - Pitching for St. Louis Coeur : RHP Alfonso Caballero
Batting: RHB Luis Rodríguez 0-0: Foul Ball, location: 2F
0-1: Foul Ball, location: 2F
0-2: Strikes out swinging
Batting: LHB David de Meij 0-0: Ball
1-0: Ball
2-0: Swinging Strike
2-1: Foul Ball, location: 2F
2-2: Ball
3-2: Ground out 6-3 (Groundball, 6, EV 90.0 MPH)
Batting: LHB Tim Gonzáles 0-0: Called Strike
0-1: Ball
1-1: SINGLE (Groundball, 34D, EV 94.4 MPH)
Batting: LHB Ricardo Yates 0-0: Ball
1-0: Ball
2-0: Ball
3-0: Fielders Choice at 2nd, 6-4 (Groundball, 6, EV 83.1 MPH)
Bottom of the 3rd over - 0 runs, 1 hit, 0 errors, 1 left on base; St. Louis 1 - Colorado 0
TOP OF THE 4TH
St. Louis Coeur batting - Pitching for Colorado Billy Goats : RHP Sergio Gómez
Batting: LHB Qing-nian Zexian 0-0: Foul Ball, location: 2F
0-1: Ground out 1-3 (Groundball, 15, EV 88.1 MPH)
Batting: RHB Nobuhisa Murakami 0-0: Swinging Strike
0-1: Called Strike
0-2: Foul Ball, location: 2F
0-2: DOUBLE (Flyball, 78D, EV 98.1 MPH)
Batting: RHB Joe Mueller 0-0: Ball
1-0: Ball
2-0: Called Strike
2-1: Fly out, F7 (Flyball, 78XD, EV 105.6 MPH)
Batting: LHB Harry Cornelis 0-0: Ball
1-0: Ball
2-0: Ball
3-0: Called Strike
3-1: Foul Ball, location: 2F
3-2: Foul Ball, location: 2F
3-2: Foul Ball, location: 2F
3-2: Strikes out looking
Top of the 4th over - 0 runs, 1 hit, 0 errors, 1 left on base; St. Louis 1 - Colorado 0
BOTTOM OF THE 4TH
Colorado Billy Goats batting - Pitching for St. Louis Coeur : RHP Alfonso Caballero
Batting: LHB Bill Stanton 0-0: Called Strike
0-1: Ball
1-1: Called Strike
1-2: Ball
2-2: Fly out, F8 (Flyball, 8LS, EV 93.1 MPH)
Batting: LHB Ken Norris 0-0: Foul Ball, location: 2F
0-1: Called Strike
0-2: DOUBLE (Line Drive, 78XD, EV 106.2 MPH)
Batting: SHB Raoul de Gilde 0-0: Ball
1-0: Ball
2-0: Ball
3-0: Base on Balls
Batting: LHB António Casas 0-0: Fly out, F7 (Flyball, 7, EV 76.2 MPH)
Batting: RHB Phil Moore 0-0: Ball
1-0: Swinging Strike
1-1: Foul Ball, location: 2F
1-2: Ball
2-2: Strikes out swinging
Bottom of the 4th over - 0 runs, 1 hit, 0 errors, 2 left on base; St. Louis 1 - Colorado 0
TOP OF THE 5TH
St. Louis Coeur batting - Pitching for Colorado Billy Goats : RHP Sergio Gómez
Batting: RHB Joel Iyiegbuniwe 0-0: Fly out, F7 (Flyball, 78S, EV 86.9 MPH)
Batting: RHB Ik-jun Cho 0-0: Foul Ball, location: 2F
0-1: Foul Ball, location: 2F
0-2: Fly out, F7 (Flyball, 78M, EV 92.5 MPH)
Batting: RHB Tabor de Maria 0-0: Ball
1-0: Called Strike
1-1: Ground out 3-1 (Groundball, 34, EV 100.6 MPH)
Top of the 5th over - 0 runs, 0 hits, 0 errors, 0 left on base; St. Louis 1 - Colorado 0
BOTTOM OF THE 5TH
Colorado Billy Goats batting - Pitching for St. Louis Coeur : RHP Alfonso Caballero
Batting: RHB Luis Rodríguez 0-0: Swinging Strike
0-1: Ball
1-1: Foul Ball, location: 2F
1-2: Strikes out swinging
Batting: LHB David de Meij 0-0: SINGLE (Groundball, 4, EV 89.4 MPH) (infield hit)
Batting: LHB Tim Gonzáles 0-0: Ball
1-0: Called Strike
David de Meij steals 2nd base
1-1: Ball
2-1: SINGLE (Flyball, 9S, EV 89.4 MPH)
David de Meij to third
Batting: LHB Ricardo Yates 0-0: Ball
1-0: Swinging Strike
1-1: Ball
2-1: DOUBLE (Line Drive, 78D, EV 113.1 MPH)
David de Meij scores
Tim Gonzáles to third
Batting: LHB Bill Stanton 0-0: Called Strike
0-1: Ball
1-1: Ball
2-1: Called Strike
2-2: Strikes out swinging
Batting: LHB Ken Norris 0-0: Foul Ball, location: 2F
0-1: Ball
1-1: Called Strike
1-2: Ground out 1-3 (Groundball, 34S, EV 85.0 MPH)
Bottom of the 5th over - 1 run, 3 hits, 0 errors, 2 left on base; St. Louis 1 - Colorado 1
TOP OF THE 6TH
St. Louis Coeur batting - Pitching for Colorado Billy Goats : RHP Sergio Gómez
Batting: RHB Guillermo Coss 0-0: Ground out 4-3 (Groundball, 4, EV 104.4 MPH)
Batting: RHB Jaime Soto 0-0: Ball
1-0: Fly out, F8 (Line Drive, 8RM, EV 100.0 MPH)
Batting: LHB Qing-nian Zexian 0-0: Reached via error on a dropped throw from 2B, E3 (Groundball, 4S, EV 71.2 MPH)
Batting: RHB Nobuhisa Murakami 0-0: Swinging Strike
0-1: Foul Ball, location: 2F
0-2: Ball
1-2: Fly out, F9 (Flyball, 9LD, EV 97.5 MPH)
Top of the 6th over - 0 runs, 0 hits, 1 error, 1 left on base; St. Louis 1 - Colorado 1
BOTTOM OF THE 6TH
Colorado Billy Goats batting - Pitching for St. Louis Coeur : RHP Alfonso Caballero
Batting: SHB Raoul de Gilde 0-0: Ball
1-0: Called Strike
1-1: Called Strike
1-2: Strikes out swinging
Batting: LHB António Casas 0-0: Foul Ball, location: 2F
0-1: Ball
1-1: Foul Ball, location: 2F
1-2: Ball
2-2: Fly out, F8 (Flyball, 8LM, EV 91.2 MPH)
Batting: RHB Phil Moore 0-0: SOLO HOME RUN (Flyball, 7D, EV 102.5 MPH), Distance : 377 ft
Batting: RHB Luis Rodríguez 0-0: Ball
1-0: Called Strike
1-1: Swinging Strike
1-2: Ball
2-2: Ball
3-2: Strikes out swinging
Bottom of the 6th over - 1 run, 1 hit, 0 errors, 0 left on base; St. Louis 1 - Colorado 2
TOP OF THE 7TH
St. Louis Coeur batting - Pitching for Colorado Billy Goats : RHP Sergio Gómez
Batting: RHB Joe Mueller 0-0: Ball
1-0: Called Strike
1-1: Called Strike
1-2: Strikes out swinging
Batting: LHB Harry Cornelis 0-0: SINGLE (Line Drive, 34D, EV 95.0 MPH)
Batting: RHB Joel Iyiegbuniwe 0-0: Ball
1-0: Called Strike
Harry Cornelis steals 2nd base
1-1: Ball
2-1: SINGLE (Groundball, 56S, EV 73.8 MPH) (infield hit)
Harry Cornelis to third
Batting: RHB Ik-jun Cho 0-0: Ball
1-0: Called Strike
1-1: Hit by Pitch
Joel Iyiegbuniwe to second
Batting: RHB Tabor de Maria 0-0: Fly out, F7 (Flyball, 78D, EV 110.6 MPH)
Runner from 3rd tags up, SCORES, no throw by LF
Batting: RHB Guillermo Coss 0-0: Fly out, F4 (Popup, 4MD, EV 42.5 MPH)
Top of the 7th over - 1 run, 2 hits, 0 errors, 2 left on base; St. Louis 2 - Colorado 2
BOTTOM OF THE 7TH
Colorado Billy Goats batting - Pitching for St. Louis Coeur : RHP Alfonso Caballero
Pitching: LHP James Callendar
Batting: LHB David de Meij 0-0: Swinging Strike
0-1: Called Strike
0-2: Ball
1-2: DOUBLE (Line Drive, 5D, EV 105.0 MPH)
Batting: LHB Tim Gonzáles 0-0: Foul Ball, location: 2F
0-1: Ball
1-1: Foul Ball, location: 2F
1-2: Foul Ball, location: 2F
1-2: Ball
2-2: Foul Ball, location: 2F
2-2: Ball
3-2: Strikes out swinging
Batting: LHB Ricardo Yates 0-0: Ball
David de Meij steals 3rd base
1-0: Called Strike
1-1: Swinging Strike
1-2: Ball
2-2: Strikes out swinging
Batting: LHB Bill Stanton 0-0: Ball
1-0: Fly out, F8 (Flyball, 8RS, EV 88.1 MPH)
Bottom of the 7th over - 0 runs, 1 hit, 0 errors, 1 left on base; St. Louis 2 - Colorado 2
TOP OF THE 8TH
St. Louis Coeur batting - Pitching for Colorado Billy Goats : RHP Sergio Gómez
Batting: RHB Jaime Soto 0-0: Foul Ball, location: 2F
0-1: Foul Ball, location: 2F
0-2: Ball
1-2: SOLO HOME RUN (Flyball, 9D, EV 108.1 MPH), Distance : 381 ft
Batting: LHB Qing-nian Zexian 0-0: Ball
1-0: Swinging Strike
1-1: Called Strike
1-2: Ball
2-2: Ball
3-2: Base on Balls
Batting: RHB Nobuhisa Murakami 0-0: Fly out, F8 (Flyball, 8LM, EV 88.8 MPH)
Batting: RHB Joe Mueller 0-0: Ball
1-0: Ball
2-0: Fly out, F8 (Line Drive, 8RD, EV 98.8 MPH)
Batting: LHB Harry Cornelis 0-0: Ball
1-0: Ball
2-0: Ground out 4-3 (Groundball, 4, EV 79.4 MPH)
Top of the 8th over - 1 run, 1 hit, 0 errors, 1 left on base; St. Louis 3 - Colorado 2
BOTTOM OF THE 8TH
Colorado Billy Goats batting - Pitching for St. Louis Coeur : LHP James Callendar
Batting: LHB Ken Norris 0-0: Ball
1-0: Called Strike
1-1: Foul Ball, location: 2F
1-2: Ball
2-2: Foul Ball, location: 2F
2-2: Strikes out swinging
Batting: SHB Raoul de Gilde 0-0: Ball
1-0: Ball
2-0: Ball
3-0: Called Strike
3-1: Foul Ball, location: 2F
3-2: Fly out, F5 (Line Drive, 5, EV 64.4 MPH)
Batting: LHB António Casas 0-0: Ball
1-0: Ball
2-0: Swinging Strike
2-1: Ball
3-1: Fly out, F8 (Line Drive, 8RM, EV 86.9 MPH)
Bottom of the 8th over - 0 runs, 0 hits, 0 errors, 0 left on base; St. Louis 3 - Colorado 2
TOP OF THE 9TH
St. Louis Coeur batting - Pitching for Colorado Billy Goats : RHP Sergio Gómez
Batting: RHB Joel Iyiegbuniwe 0-0: Called Strike
0-1: Reached on error, E5 (Line Drive, 5, EV 68.1 MPH)
Batting: RHB Ik-jun Cho 0-0: Sac Bunt to 25 - play at first, batter OUT! 5-4
Joel Iyiegbuniwe to second
Batting: RHB Tabor de Maria 0-0: SINGLE (Groundball, 56D, EV 98.1 MPH)
Joel Iyiegbuniwe to third
Runner from 3rd tries for Home, SAFE, no throw by LF
Batting: RHB Guillermo Coss 0-0: Fielders Choice at 2nd, 6-4 (Groundball, 56, EV 97.5 MPH)
Batting: RHB Jaime Soto 0-0: Ball
1-0: Ball
2-0: Called Strike
2-1: Ball
3-1: 2-RUN HOME RUN (Flyball, 7D, EV 105.6 MPH), Distance : 383 ft
Pitching: LHP Ron Fernández
Batting: LHB Qing-nian Zexian 0-0: SINGLE (Groundball, 34D, EV 95.0 MPH)
Batting: RHB Nobuhisa Murakami 0-0: Ball
1-0: Foul Ball, location: 2F
1-1: Ball
2-1: Called Strike
2-2: Ball
3-2: Strikes out swinging
Top of the 9th over - 3 runs, 3 hits, 1 error, 1 left on base; St. Louis 6 - Colorado 2
BOTTOM OF THE 9TH
Colorado Billy Goats batting - Pitching for St. Louis Coeur : LHP James Callendar
Batting: RHB Phil Moore 0-0: Called Strike
0-1: Swinging Strike
0-2: SINGLE (Line Drive, 9S, EV 101.9 MPH)
Pitching: RHP Szekeres Panna
Batting: RHB Luis Rodríguez 0-0: Ball
1-0: Foul Ball, location: 2F
1-1: Foul Ball, location: 2F
1-2: Strikes out swinging
Batting: LHB David de Meij 0-0: Swinging Strike
0-1: Called Strike
0-2: Ball
1-2: Foul Ball, location: 2F
1-2: Ball
2-2: Foul Ball, location: 2F
2-2: Ball
3-2: Foul Ball, location: 2F
3-2: Foul Ball, location: 2F
3-2: Strikes out swinging
Batting: LHB Tim Gonzáles 0-0: Ball
1-0: Ball
2-0: DOUBLE (Line Drive, 78D, EV 96.9 MPH)
Phil Moore to third
Pitching: LHP Denie Ulderink
Batting: LHB Ricardo Yates 0-0: Ball
1-0: Ball
2-0: Ball
3-0: Foul Ball, location: 2F
3-1: Base on Balls
Pinch Hitting: RHB Matt Méndez 0-0: Foul Ball, location: 2F
0-1: Ball
1-1: Ball
2-1: Foul Ball, location: 2F
2-2: Strikes out looking
Bottom of the 9th over - 0 runs, 2 hits, 0 errors, 3 left on base; St. Louis 6 - Colorado 2
Tuesday, January 5th, 2021 - OOTP Baseball 20.8 Build 74